 Dungeon Crawl Stone Soup version 0.29.1-15-g9cfb28693d (webtiles) character file.

Game seed: 1528845440425483370

215 Heoruswealwe the Magician (level 5, -1/28 HPs)
             Began as a Deep Elf Earth Elementalist on Apr 25, 2023.
             Killed from afar by an orc wizard (7 damage)
             ... with a magic dart
             ... on level 4 of the Dungeon.
             The game lasted 00:19:23 (2220 turns).

Heoruswealwe the Magician (DEEE)                    Turns: 2220, Time: 00:19:33

Health: -1/28      AC:  2    Str:  5    XL:     5   Next: 60%
Magic:  10/15      EV: 12    Int: 22    God:
Gold:   173        SH:  0    Dex: 15    Spells: 6/16 levels left

rFire   + . .      SeeInvis .   u - +1 hand axe (vorpal)
rCold   + . .      Faith    .   (no shield)
rNeg    . . .      Spirit   .   c - +0 robe
rPois   +          Reflect  .   (no helmet)
rElec   +          Harm     .   (no cloak)
rCorr   +          Rampage  .   (no gloves)
Will    .....                   (no boots)
Stlth   +.........              (no amulet)
HPRegen 0.89/turn               (no ring)
MPRegen 0.14/turn               (no ring)

@: confused, resistant
A: passive freeze, regeneration 1
a: no special abilities


You were on level 4 of the Dungeon.
You visited 1 branch of the dungeon, and saw 4 of its levels.

You collected 186 gold pieces.
You donated 13 gold pieces to Zin.

Inventory:

Hand Weapons
 u - a +1 vorpal hand axe (weapon)
Armour
 a - a +0 robe
 c - a +0 robe (worn)
 e - a +0 robe
 o - a +0 robe
Magical Staves
 m - a staff of air
Scrolls
 f - a scroll of teleportation
 g - 2 scrolls of enchant weapon
 k - a scroll of summoning
 p - a scroll of torment {unknown}
 r - a scroll of noise {unknown}
 s - 2 scrolls of blinking {unknown}
Potions
 b - a potion of magic
 d - a potion of resistance
 i - a potion of berserk rage {unknown}
 j - a potion of curing {unknown}
 l - a potion of ambrosia {unknown}
 n - a potion of haste {unknown}
 q - a potion of lignification {unknown}
 t - a potion of heal wounds {unknown}


   Skills:
 - Level 2.4 Dodging
 - Level 2.4 Stealth
 + Level 6.0 Spellcasting
 - Level 1.1 Transmutations
 + Level 5.4 Earth Magic


You had 6 spell levels left.
You knew the following spells:

 Your Spells              Type           Power      Damage    Failure   Level
a - Sandblast             Erth           60%        2d14      1%          1
b - Stone Arrow           Conj/Erth      36%        3d9       9%          3
c - Petrify               Tmut/Erth      21%        N/A       24%         4
z - Passwall              Tmut/Erth      17%        N/A       3%          2

Your spell library contained the following spells:

 Spells                   Type           Power      Damage    Failure   Level
 Apportation              Tloc           12%        N/A       9%          1
 Slow                     Hex            24%        N/A       9%          1
 Summon Small Mammal      Summ           24%        N/A       9%          1
 Call Canine Familiar     Summ           6%         N/A       26%         3
 Confusing Touch          Hex            6%         N/A       26%         3
 Dazzling Flash           Conj/Hex       12%        N/A       26%         3
 Summon Guardian Golem    Hex/Summ       6%         N/A       26%         3
 Vampiric Draining        Necr           6%         2d6       26%         3
 Alistair's Intoxication  Tmut/Pois      6%         N/A       90%         5
 Agony                    Necr           6%         N/A       94%         5
 Silence                  Hex/Air        3%         N/A       94%         5


Dungeon Overview and Level Annotations

Branches:
Dungeon (4/15)
 Temple: D:4-7

Altars:
Zin


Innate Abilities, Weirdness & Mutations

A frigid envelope surrounds you and freezes all who hurt you.
Your natural rate of healing is unusually fast.


Message History

Beogh smites you!
The orc wizard hits you with a +0 dagger.
* * * LOW HITPOINT WARNING * * *
Casting: Sandblast (safe; 1% risk of failure)
Confirm with . or Enter, or press ? or * to list all spells.
Aiming: Sandblast (safe; 1% risk of failure)
Press: ? - help, Shift-Dir - straight line, f/p - orc wizard
Aim: an orc wizard, wielding a +0 dagger and wearing a +0 robe (lightly wounded, 79% to hit)
The blast of sand misses the orc wizard.
The blast of sand hits the orc priest!!
You kill the orc priest!
The orc wizard hits you but does no damage.
Your Spellcasting skill increases to level 6!
Casting: Sandblast (safe; 1% risk of failure)
Confirm with . or Enter, or press ? or * to list all spells.
Aiming: Sandblast (safe; 1% risk of failure)
Press: ? - help, Shift-Dir - straight line, f/p - orc wizard
Aim: an orc wizard, wielding a +0 dagger and wearing a +0 robe (lightly wounded, 80% to hit)
The blast of sand hits the orc wizard!
The orc wizard is severely wounded.
The orc wizard casts a spell at you.
You are confused.
The orc wizard gestures wildly while chanting.
The orc wizard flickers and vanishes!
Deactivating autopickup; reactivate with Ctrl-A.
Something hits you.
* * * LOW HITPOINT WARNING * * *
You bump into the rock wall.
Something hits you.
* * * LOW HITPOINT WARNING * * *
It was a potion of resistance.
You feel protected. Something hits you.
* * * LOW HITPOINT WARNING * * *
It was a potion of mutation.
You feel extremely strange.
Your skin feels very cold.
You feel stupid.
You feel clever.
You begin to heal more quickly.
You hear some strange, mumbled words.
A magic dart appears from out of thin air!
The magic dart hits you!
You die...

#### ##################
##$$.##.......<.........
#$8.8)#.[........#
#_.$).{..........# .
#.8$8.#@.........##..#
##.$. #......).)....#
### #.....[......##
#...........##
#########.#.# #.#...
#.####. ..# . .##


There were no monsters in sight!

Vanquished Creatures
  An orc priest (D:4)
  Jessica (D:2)
  6 gnolls
  2 adders
  2 dart slugs
  6 orcs
  9 endoplasms
  2 giant cockroaches
  2 goblins
  8 hobgoblins
  4 jackals (D:3)
  4 kobolds
  2 quokkas
  7 ball pythons
  7 bats
  5 frilled lizards
  3 rats
71 creatures vanquished.

Vanquished Creatures (others)
  A plant (D:2)
1 creature vanquished.

Grand Total: 72 creatures vanquished

Notes
Turn   | Place    | Note
-------+----------+-------------------------------------------
     0 | D:1      | Heoruswealwe the Deep Elf Earth Elementalist began the
                  | quest for the Orb.
     0 | D:1      | Reached XP level 1. HP: 10/10 MP: 6/6
    83 | D:1      | Reached XP level 2. HP: 14/15 MP: 4/8
    86 | D:1      | Learned a level 2 spell: Passwall
   447 | D:1      | Reached skill level 4 in Spellcasting
   551 | D:1      | Reached XP level 3. HP: 19/19 MP: 5/10
   555 | D:1      | Learned a level 3 spell: Stone Arrow
   785 | D:2      | Noticed Jessica
   789 | D:2      | Killed Jessica
  1069 | D:2      | Reached XP level 4. HP: 20/24 MP: 9/12
  1072 | D:2      | Reached skill level 5 in Spellcasting
  1080 | D:2      | Learned a level 4 spell: Petrify
  1518 | D:3      | Found a faded altar of an unknown god.
  1531 | D:3      | Reached skill level 5 in Earth Magic
  1531 | D:3      | Reached XP level 5. HP: 28/28 MP: 9/14
  1631 | D:3      | Prayed at the altar of an unknown god.
  1631 | D:3      | Became a worshipper of Zin the Law-Giver
  1631 | D:3      | Reached * piety under Zin
  1631 | D:3      | Reached ** piety under Zin
  1632 | D:3      | Fell from the grace of Zin
  2216 | D:4      | Reached skill level 6 in Spellcasting
  2220 | D:4      | Gained mutation: A frigid envelope surrounds you and
                  | freezes all who hurt you. [potion of mutation]
  2220 | D:4      | Gained mutation: You are dopey. (Int -2) [potion of
                  | mutation]
  2220 | D:4      | Lost mutation: You are dopey. (Int -2) [potion of mutation]
  2220 | D:4      | Gained mutation: Your natural rate of healing is unusually
                  | fast. [potion of mutation]
  2220 | D:4      | Killed from afar by an orc wizard

Illustrated notes

Levels and vault maps discovered:
D:1:      nicolae_arrival_memento_mori, layout_basic, minmay_misc_feat_plants
D:2:      layout_loops_corners, serial_forest, infiniplex_forest_corner_2,
          infiniplex_forest_lined_4_way, infiniplex_forest_diagonal,
          infiniplex_forest_lined_ring, infiniplex_forest_lined_3_way,
          infiniplex_forest_straight_1, uniq_jessica
D:3:      layout_basic, nicolae_ecumenical_pavilion
D:4:      layout_rooms, old_standard_altar, serial_shops, shop,
          portal_sewer_entry_e, minmay_shop_damaged, kennysheep_orc_chapel,
          uniq_menkaure

Skill      XL: |  1  2  3  4  5 |
---------------+----------------+-----
Spellcasting   | 4 5 6 |  6.0
Earth Magic    | 4 5 |  5.4
Dodging        | |  2.4
Stealth        | |  2.4
Transmutations | |  1.1

Action                   |  1- 3 |  4- 6 || total
-------------------------+-------+-------++-------
Melee: Unarmed           |     4 |     5 ||     9
 Cast: Sandblast         |    45 |    53 ||    98
       Passwall          |     1 |       ||     1
Invok: Renounce Religion |       |     1 ||     1
  Use: Scroll            |     3 |     1 ||     4
       Potion            |       |     2 ||     2
Armor: Robe              |     2 |     1 ||     3
Dodge: Dodged            |    10 |    12 ||    22
